Map: Ulrena

Players

maciekszerg

  • Race: Zerg Zerg
  • League: Gold

capac - Winner!

  • Race: Terran Terran
  • League: Gold

VOD

Have the link to the VOD?

Description

Time

  • Played on: March 8, 2016, 2:20 p.m.
  • Length: 16:39
Show
View Real Time Build Order
Export as new Build Order

maciekszerg Zerg 

Build Orders: Hatch First, Lurkers 

Get SALT Encoding   

  12  0:01  Drone  
  13  0:08  Drone  
  14  0:17  Overlord  
  14  0:24  Overlord  
  14  0:36  Drone x2  
  16  0:44  Drone  
  17  1:03  Drone  
  18  1:05  Hatchery  
  18  1:09  Drone  
  18  1:16  Extractor  
  17  1:23  Spawning Pool  
  17  1:24  Drone  
  17  1:27  Drone  
  18  1:38  Drone  
  19  1:49  Overlord  
  19  1:58  Extractor  
  18  2:07  Drone  
  19  2:10  Queen  
  19  2:11  Zergling x2  
  22  2:17  Queen  
  22  2:20  Drone  
  25  2:24  Zergling x2  
  26  2:32  Metabolic Boost  
  26  2:35  Drone  
  27  2:40  Zergling x2  
  28  2:46  Drone  
  28  2:50  Zergling x2  
  30  2:53  Queen  
  32  2:58  Drone  
  32  3:01  Zergling x2  
  34  3:06  Drone  
  35  3:15  Drone  
  35  3:17  Drone  
  37  3:21  Zergling x2  
  38  3:29  Lair  
  38  3:30  Baneling Nest, Zergling x2  
  38  3:32  Drone x2  
  38  3:33  Zergling x4  
  42  3:39  Zergling x2  
  43  3:41  Zergling x2  
  43  3:42  Overlord  
  44  3:50  Overlord  
  44  3:59  Overlord x2  
  44  4:09  Zergling x2  
  45  4:13  Baneling x2  
  45  4:14  Baneling x4  
  45  4:17  Zergling x2  
  45  4:18  Zergling x4  
  45  4:23  Zergling x2  
  49  4:26  Zergling x6  
  49  4:29  Centrifical Hooks  
  52  4:46  Spore Crawler  
  51  4:52  Hydralisk Den  
  37  5:36  Hydralisk x4  
  37  5:37  Hydralisk  
  37  5:41  Drone  
  37  5:42  Drone x2  
  50  5:49  Zergling x10  
  55  5:53  Extractor  
  55  5:56  Extractor  
  51  6:03  Zergling x4  
  50  6:07  Lurker Den  
  50  6:10  Drone  
  50  6:15  Zergling x2  
  50  6:16  Zergling x4  
  50  6:17  Zergling x2  
  50  6:18  Zergling x4  
  56  6:22  Infestation Pit  
  56  6:23  Drone  
  56  6:32  Drone  
  57  6:47  Drone  
  57  6:48  Drone x3  
  61  6:55  Hydralisk x2  
  61  7:01  Spore Crawler  
  64  7:06  Zergling x4  
  37  7:34  Zergling x10  
  37  7:36  Zergling x12  
  46  7:39  Zergling x4  
  46  7:40  Zergling x4  
  50  7:59  Hydralisk  
  50  8:05  Hydralisk  
  54  8:06  Hydralisk x3  
  54  8:07  Hydralisk  
  62  8:21  Zergling x4  
  64  8:29  Spore Crawler  
  64  8:32  Lurker x2  
  65  8:37  Lurker x3  
  65  8:38  Lurker  
  65  8:40  Zergling x6  
  72  9:00  Zergling x2  
  72  9:01  Zergling x6  
  56  9:42  Zergling x4  
  56  9:43  Zergling x10  
  56  9:44  Zergling x6  
  66  9:45  Queen  
  68  10:13  Zergling x10  
  73  10:18  Baneling x5  
  73  10:19  Baneling x5  
  73  10:21  Queen  
  75  10:28  Drone  
  75  10:30  Hatchery  
  51  11:12  Zergling x10  
  51  11:13  Zergling x2, Hydralisk x3  
  56  11:26  Zergling x6  
  53  11:36  Zergling x4  
  55  11:41  Drone  
  55  11:43  Drone  
  57  11:51  Spore Crawler  
  56  11:58  Spire  
  56  12:00  Hive  
  55  12:03  Drone  
  55  12:07  Zergling x4  
  57  12:27  Drone x3  
  57  12:28  Hydralisk x2  
  64  12:34  Drone x2  
  64  12:35  Drone  
  67  12:43  Drone  
  68  12:55  Drone x2  
  70  13:10  Mutalisk  
  70  13:11  Mutalisk x2  
  76  13:13  Mutalisk x2  
  76  13:14  Mutalisk  
  76  13:16  Overlord  
  76  13:18  Overlord  
  82  13:22  Greater Spire  
  82  13:25  Overlord  
  66  13:39  Mutalisk  
  66  13:40  Mutalisk x3  
  58  14:05  Zergling x12  
  58  14:06  Zergling x6  
  58  14:07  Zergling x4  
  58  14:09  Zergling x2  
  71  14:10  Zergling x4  
  72  14:24  Corruptor  
  72  14:25  Zergling x2  
  72  14:26  Zergling x2  
  72  14:29  Mutalisk, Corruptor  
  80  14:33  Drone  
  81  14:40  Adrenal Glands  
  81  14:46  Zergling x4  
  83  14:56  Corruptor  
  64  15:20  Brood Lord  
  61  15:22  Brood Lord  
  61  15:23  Hydralisk x4  
  61  15:28  Zergling x6  
  71  15:29  Zergling x4  
  69  15:41  Zergling x4  
  70  15:55  Zergling x6  
Show
View Real Time Build Order
Export as new Build Order

capac Terran - Winner!

Build Orders: MMM Bio 

Get SALT Encoding   

  12  0:00  SCV  
  13  0:12  SCV  
  14  0:18  Supply Depot  
  14  0:25  SCV  
  15  0:40  SCV  
  15  0:41  Barracks  
  16  0:46  Refinery  
  16  0:52  SCV  
  17  1:04  SCV  
  18  1:16  SCV  
  19  1:28  SCV  
  19  1:31  Barracks Reactor  
  20  1:40  Command Center  
  20  1:43  SCV  
  21  1:58  Orbital Command  
  21  1:59  Supply Depot  
  21  2:09  Marine x2  
  23  2:24  Factory  
  23  2:25  SCV  
  24  2:32  Marine x2  
  26  2:37  SCV  
  27  2:50  Marine x2  
  29  2:59  Orbital Command  
  29  3:04  SCV  
  30  3:06  Refinery  
  30  3:10  Barracks  
  29  3:20  Barracks  
  29  3:21  Starport  
  29  3:24  Marine  
  30  3:27  Marine  
  30  3:30  SCV  
  32  3:42  SCV  
  32  3:45  SCV  
  32  3:46  Marine  
  32  3:47  Marine  
  36  3:50  Factory Reactor  
  36  3:59  Barracks Tech Lab  
  36  4:01  SCV  
  36  4:02  SCV  
  38  4:04  Starport Reactor  
  38  4:09  Supply Depot  
  38  4:14  SCV x2  
  40  4:18  Supply Depot, Barracks Reactor  
  40  4:26  Marine x2, SCV  
  43  4:35  Marine  
  43  4:37  Stimpack  
  44  4:39  SCV x2  
  46  4:46  Marine x2  
  48  4:55  Supply Depot  
  48  4:58  Medivac  
  48  4:59  Medivac  
  52  5:00  Marine x2  
  46  5:13  Marine x2  
  46  5:14  Marine  
  39  5:26  Factory Tech Lab  
  39  5:28  Marine x2  
  35  5:36  Marine  
  35  5:37  Marine x2  
  35  5:39  Orbital Command  
  38  5:46  Marine x2, Medivac x2  
  38  5:47  Siege Tank  
  47  5:54  Marine x2  
  46  6:03  Marine x2  
  47  6:04  Marine  
  47  6:07  SCV x2  
  50  6:12  Marine x2  
  52  6:19  SCV x2  
  54  6:37  Supply Depot  
  54  6:39  Supply Depot  
  54  6:41  Liberator x2  
  54  6:58  Marine, SCV  
  54  7:01  Marine x4, Siege Tank  
  56  7:35  Marine  
  56  7:36  Marine x4  
  60  7:40  Supply Depot  
  60  7:44  Barracks  
  60  7:47  SCV x2  
  60  7:48  Refinery  
  60  7:51  Siege Tank  
  65  7:58  Marine x3  
  63  7:59  Marine  
  63  8:00  Marine  
  68  8:08  Supply Depot  
  68  8:12  Medivac x2  
  72  8:16  Marine x4  
  76  8:22  Engineering Bay  
  76  8:23  SCV x2  
  76  8:24  Engineering Bay  
  78  8:32  Marine  
  78  8:34  Marine x2, Siege Tank  
  82  8:36  Combat Shields  
  84  8:52  Supply Depot  
  84  8:54  SCV x2  
  86  9:01  Barracks Reactor  
  86  9:05  Supply Depot  
  86  9:08  Medivac  
  86  9:09  Barracks  
  88  9:17  SCV x2  
  89  9:29  SCV  
  67  9:35  Orbital Command  
  64  9:58  Missile Turret  
  64  10:09  Orbital Command  
  64  10:17  Missile Turret, Raven  
  64  10:18  Marine  
  64  10:19  Marine x6  
  73  10:36  Marine x2  
  73  10:37  Marine  
  61  10:54  Marine  
  48  11:07  Marine x4  
  36  11:39  SCV x2  
  38  11:44  Marine x4  
  42  11:51  SCV  
  43  11:54  Marine  
  44  12:20  Marine  
  44  12:21  Marine  
  44  12:26  Marine  
  45  12:41  SCV x2  
  47  12:53  SCV  
  48  13:14  SCV x2  
  50  13:26  SCV  
  49  13:36  Marine x4  
  49  13:37  Marine x2  
  55  13:47  Liberator x2  
  45  14:03  Marine x2  
  45  14:04  Marine  
  45  14:06  Marine  
  45  14:07  Marine x3  
  58  14:22  Marine x3  
  61  14:30  Marine  
  61  14:31  Marine x2  
  63  14:33  Orbital Command  
  63  14:38  Barracks Reactor  
  64  14:41  Missile Turret  
  64  14:44  Marine  
  65  14:53  Refinery  
  65  14:56  Refinery  
  58  15:43  Marine x7  
  58  15:44  Marine  
  66  16:00  Marine  
  66  16:01  Marine x4  
  66  16:02  Marine  
  72  16:07  SCV x2  
Tags
 
Composition
LurkersMMM Bio
League
GoldGold
Matchup
TvZ
Add a new tag
Caveats
  • Supply blocks, unpowered buildings, or Contaminate may cause inaccurate times.
  • Supply counts are checked every 10 seconds.